 Dungeon Crawl Stone Soup version 0.20.1-1-g8b1a95d (webtiles) character file.

163 keltmir the Changer (level 5, -10/40 HPs)
             Began as a Draconian Transmuter on Nov 1, 2017.
             Mangled by Regeox's ghost (13 damage)
             ... on level 3 of the Dungeon.
             The game lasted 00:09:59 (2970 turns).

keltmir the Changer (Draconian Transmuter)          Turns: 2970, Time: 00:10:00

Health: -10/40     AC:  2    Str: 13    XL:     5   Next: 20%
Magic:  7/8        EV: 19    Int: 14    God:
Gold:   165        SH:  0    Dex: 16    Spells: 4/8 levels left

rFire    . . .     SeeInvis .     - Unarmed
rCold    . . .     Gourm    .   (shield currently unavailable)
rNeg     . . .     Faith    .   (armour unavailable)
rPois    x         Spirit   .   (helmet currently unavailable)
rElec    .         Reflect  .   (cloak currently unavailable)
rCorr    .         Harm     .   (gloves currently unavailable)
MR       .....                  (boots currently unavailable)
Stlth    +.........             (no amulet)
Regen    0.2/turn               (no ring)
MPRegen  0.2/turn               (no ring)

@: spider-form (expiring)
A: unfitting armour, AC +5
a: End Transformation


You were on level 3 of the Dungeon.
You were not hungry.
You were a venomous arachnid creature.
You visited 1 branch of the dungeon, and saw 3 of its levels.

You collected 165 gold pieces.

Inventory:

Missiles
 a - 28 arrows
Jewellery
 g - an uncursed ring of stealth {unknown}
 k - an uncursed ring of protection from magic {unknown}
 m - a +4 ring of dexterity {unknown}
Wands
 w - a wand of paralysis (14/24)
Scrolls
 n - a scroll of fear
 o - 2 scrolls of teleportation
Potions
 e - a potion of resistance
 h - a potion of invisibility {unknown}
 l - a potion of brilliance {unknown}
 p - a potion of mutation {unknown}
 q - a potion of degeneration {unknown}
 u - a potion of heal wounds {unknown}
Books
 b - a book of Changes

   Spells                             Type                      Level
   a - Beastly Appendage              Transmutation                1
   b - Sticks to Snakes               Transmutation                2
   c - Spider Form                    Transmutation/Poison         3
   d - Ice Form                       Ice/Transmutation            4
   e - Blade Hands                    Transmutation                5
Comestibles
 c - a bread ration
 f - a royal jelly
 i - a fruit
 j - 2 meat rations


   Skills:
 - Level 1.1 Fighting
 - Level 1.7 Dodging
 - Level 3.0 Unarmed Combat
 - Level 2.0 Spellcasting
 * Level 5.5 Transmutations


You had 4 spell levels left.
You knew the following spells:

 Your Spells              Type           Power        Failure   Level  Hunger
a - Beastly Appendage     Tmut           ###...       10%         1    ##.....
b - Spider Form           Tmut/Pois      #.........   43%         3    ####...


Dungeon Overview and Level Annotations

Branches:
Dungeon (3/15)

Altars:
Nemelex Xobeh
Okawaru
Ru
Yredelemnul

Annotations:
D:3 Regeox's ghost, amateur HOGl


Innate Abilities, Weirdness & Mutations

((Your plain brown scales are hard. (AC +5)))
You cannot fit into any form of body armour.
((You are cold-blooded and may be slowed by cold attacks.))


Message History

Regeox's ghost is severely damaged.
Regeox's ghost misses you.
You hit Regeox's ghost but do no damage.
Regeox's ghost is severely damaged.
Regeox's ghost misses you.
You hit Regeox's ghost.
Regeox's ghost is severely damaged.
Regeox's ghost completely misses you.
You hit Regeox's ghost.
Regeox's ghost is almost destroyed.
Regeox's ghost hits you!
You hit Regeox's ghost.
Regeox's ghost is almost destroyed.
Regeox's ghost hits you!
You hit Regeox's ghost but do no damage.
Regeox's ghost is almost destroyed.
Regeox's ghost hits you!
* * * LOW HITPOINT WARNING * * *
Regeox's ghost hits you!
You die...

#........##..._
##..............
#.........(.....
#..>......####.#
#######....<(...####.#
#............^........
##.####..#..##..##.##.#
#####.......###.##..# .##.#
#........Ws..#...#.###.##.#
....$.#..####...<#.#........#
# .........#
#........###..... .
.......#.# #)###.#### ##### .
#......#.# #)# #.# .
#......#.# #.# #.# .
#.####.#.# #.# #.# .
#?####.#(# #># #.#
.###....... #.###..


You could see Regeox's ghost.

Vanquished Creatures
  Terence (D:2)
  3 gnolls (D:2)
  5 adders
  An ooze (D:1)
  A worm (D:2)
  3 leopard geckos
  2 giant cockroaches
  8 goblins
  2 hobgoblins (D:2)
  11 jackals (D:2)
  6 kobolds
  2 quokkas (D:2)
  A ball python (D:2)
  2 bats (D:2)
  3 frilled lizards (D:2)
  3 rats
54 creatures vanquished.

Notes
Turn   | Place    | Note
-------+----------+-------------------------------------------
     0 | D:1      | keltmir the Draconian Transmuter began the quest for the Orb.
     0 | D:1      | Reached XP level 1. HP: 16/16 MP: 3/3
   220 | D:1      | Reached XP level 2. HP: 23/23 MP: 3/5
   305 | D:1      | Reached skill level 3 in Transmutations
   949 | D:2      | Reached XP level 3. HP: 26/28 MP: 4/6
   954 | D:2      | Learned a level 3 spell: Spider Form
  1045 | D:3      | Found a basalt altar of Yredelemnul.
  1047 | D:3      | Found a sacrificial altar of Ru.
  1061 | D:3      | Found an iron altar of Okawaru.
  1065 | D:3      | Found a sparkling altar of Nemelex Xobeh.
  1128 | D:2      | Noticed Terence
  1139 | D:2      | Killed Terence
  1139 | D:2      | Reached skill level 4 in Transmutations
  1229 | D:2      | Reached XP level 4. HP: 32/35 MP: 3/7
  1443 | D:3      | Noticed Regeox's ghost (amateur HOGl)
  2213 | D:2      | Reached skill level 5 in Transmutations
  2632 | D:2      | Reached XP level 5. HP: 33/40 MP: 4/8
  2970 | D:3      | Mangled by Regeox's ghost

Skill      XL: |  1  2  3  4 |
---------------+-------------+-----
Transmutations | 3 4 5 |  5.5
Fighting       | |  1.1
Dodging        | |  1.7
Unarmed Combat | |  3.0
Spellcasting   | |  2.0

Action                   |  1- 3 |  4- 6 || total
-------------------------+-------+-------++-------
Melee: Unarmed           |    72 |   113 ||   185
       Tailslap          |     5 |     2 ||     7
       Headbutt          |     2 |       ||     2
       Punch             |     2 |     1 ||     3
       Kick              |     2 |       ||     2
 Cast: Beastly Appendage |     9 |       ||     9
       Spider Form       |     2 |    15 ||    17
Evoke: Wand              |       |     1 ||     1
  Use: Scroll            |     3 |     5 ||     8
 Stab: Sleeping          |     1 |       ||     1
       Paralysed         |       |    11 ||    11
  Eat: Chunk             |     1 |     8 ||     9
Armor: Skin              |    19 |    19 ||    38
Dodge: Dodged            |    45 |    90 ||   135
